 Dungeon Crawl Stone Soup version 0.26-b1-32-g5d43845318 (webtiles) character file.

Game seed: 14043662621317388597

330 MisterFreud the Digger (level 6, -7/36 HPs)
             Began as an Octopode Earth Elementalist on Jan 12, 2021.
             Killed by divine providence
             ... invoked by an orc priest
              (12 damage)
             ... on level 5 of the Dungeon.
             The game lasted 00:04:41 (4415 turns).

MisterFreud the Digger (OpEE)                       Turns: 4415, Time: 00:04:41

Health: -7/36      AC:  1    Str:  8    XL:     6   Next: 51%
Magic:  19/19      EV: 14    Int: 19    God:
Gold:   259        SH:  0    Dex: 18    Spells: 5/11 levels left

rFire    . . .     SeeInvis .   d - +0 short sword
rCold    . . .     Faith    .   (no shield)
rNeg     . . .     Spirit   .   (helmet restricted)
rPois    +         Reflect  .   (no amulet)
rElec    .         Harm     .   a - ring of poison resistance
rCorr    .         Rampage  .   e - +6 ring of dexterity
Will     .....                  m - ring of stealth
Stlth    ++++......             x - ring of magical power
HPRegen  0.12/turn              (no ring)
MPRegen  0.16/turn              (no ring)
                                (no ring)
                                (no ring)

@: no status effects
A: almost no armour, stealthy swim, amphibious, 8 rings, constrict 8, camouflage
1, gelatinous body 1
a: no special abilities


You were on level 5 of the Dungeon.
You visited 1 branch of the dungeon, and saw 5 of its levels.

You collected 259 gold pieces.

Inventory:

Hand Weapons
 d - a +0 short sword (weapon)
Missiles
 b - 122 stones (quivered)
 h - 29 poisoned darts
 t - 5 curare-tipped darts
 u - a throwing net
Magical Staves
 j - an uncursed staff of poison
Jewellery
 a - a ring of poison resistance (left tentacle)
 e - a +6 ring of dexterity (right tentacle)
 m - a ring of stealth (on tentacle)
 x - a ring of magical power (on tentacle)
Wands
 v - a wand of disintegration (20)
Scrolls
 c - 3 scrolls of teleportation {unknown}
 i - 5 scrolls of identify {unknown}
 k - a scroll of enchant weapon {unknown}
 l - 2 scrolls of remove curse {unknown}
 n - a scroll of noise {unknown}
 p - a scroll of amnesia {unknown}
 s - 2 scrolls of fog {unknown}
 w - a scroll of enchant armour {unknown}
Potions
 f - a potion of cancellation {unknown}
 g - a potion of heal wounds
 o - a potion of attraction {unknown}
 q - a potion of lignification {unknown}
 r - a potion of brilliance {unknown}


   Skills:
 - Level 2.0 Dodging
 - Level 2.6 Stealth
 + Level 3.1 Spellcasting
 + Level 2.3 Conjurations
 - Level 1.0 Transmutations
 - Level 6.0 Earth Magic


You had 5 spell levels left.
You knew the following spells:

 Your Spells              Type           Power        Failure   Level
a - Sandblast             Erth           50%          1%          1
b - Passwall              Tmut/Erth      13%          5%          2
c - Stone Arrow           Conj/Erth      36%          9%          3

Your spell library contained the following spells:

 Spells                   Type           Power        Failure   Level
 Petrify                  Tmut/Erth      16%          34%         4
 Lee's Rapid Deconstruct  Erth           12%          34%         5


Dungeon Overview and Level Annotations

Branches:
Dungeon (5/15)
 Temple: D:4-7

Altars:
Kikubaaqudgha
Makhleb
Okawaru
Zin

Shops:
D:5 (


Innate Abilities, Weirdness & Mutations

You cannot wear most types of armour.
You are very stealthy in the water. (Stealth+)
You are amphibious.
You can wear up to eight rings at the same time.
You can use your tentacles to constrict eight enemies at once.
Your skin changes colour to match your surroundings (Stealth+).
Your rubbery body absorbs attacks. (AC +1, EV +1)


Message History

It was a potion of heal wounds.
You feel much better.
You constrict the orc warrior, but do no damage.
You constrict the orc priest, but do no damage.
The orc warrior hits you with a cursed -1 short sword!
The orc hits you with a +0 flail!
* * * LOW HITPOINT WARNING * * *
You feel much better.
You constrict the orc warrior, but do no damage.
You constrict the orc priest, but do no damage.
The orc priest barely misses you. The orc warrior closely misses you.
You release your grip on the orc warrior.
You release your grip on the orc priest.
The orc misses you.
The orc warrior hits you with a cursed -1 short sword!
The orc priest mumbles some strange prayers to Beogh against you.
Beogh smites you!
* * * LOW HITPOINT WARNING * * *
The orc priest calls down the wrath of Beogh upon you.
Beogh smites you!
You die...

...>....+ ... #######
........#+##.# #.....#
##......##.#####.....#
#.......##.#.........#
#.....o.##.#.........#
#........#..#.........#
#..#.....o..##.........#
#.
##......o...........## .
.....#....@...........#
.#####.###............##
. #.##.<#......###..#
#....#....†..'∩'..#
.............###..#
..................#
.#.###.....[.....## ..#.
#...<.####### #.....#


You could see an orc warrior, an orc priest and an orc.

Vanquished Creatures
  A howler monkey (D:2)
  3 hounds
  4 gnolls (D:4)
  7 adders
  A white imp (D:3)
  2 oozes
  2 worms (D:2)
  5 dart slugs
  2 leopard geckos (D:1)
  An orc (D:3)
  4 giant cockroaches
  9 goblins
  7 hobgoblins
  5 jackals
  A quokka (D:4)
  3 ball pythons
  5 bats
  3 kobolds
  7 rats
72 creatures vanquished.

Notes
Turn   | Place    | Note
-------+----------+-------------------------------------------
     0 | D:1      | MisterFreud the Octopode Earth Elementalist began the quest
                  | for the Orb.
     0 | D:1      | Reached XP level 1. HP: 11/11 MP: 3/3
   228 | D:1      | Reached XP level 2. HP: 7/17 MP: 3/5
  1227 | D:1      | Reached skill level 4 in Earth Magic
  1369 | D:1      | Reached XP level 3. HP: 21/21 MP: 6/6
  1693 | D:2      | Reached XP level 4. HP: 27/27 MP: 7/7
  1701 | D:2      | Reached skill level 5 in Earth Magic
  2259 | D:2      | Learned a level 2 spell: Passwall
  2263 | D:2      | Learned a level 3 spell: Stone Arrow
  2410 | D:2      | Reached XP level 5. HP: 30/31 MP: 8/8
  2589 | D:2      | Found an ancient bone altar of Kikubaaqudgha.
  2634 | D:3      | Found an iron altar of Okawaru.
  2771 | D:3      | Reached skill level 1 in Conjurations
  3269 | D:3      | Found a burning altar of Makhleb.
  3499 | D:4      | Reached XP level 6. HP: 24/36 MP: 8/10
  3689 | D:4      | Reached skill level 6 in Earth Magic
  4155 | D:4      | Found a glowing silver altar of Zin.
  4352 | D:5      | Entered Level 5 of the Dungeon
  4381 | D:5      | Found Paicwo's Weapon Emporium.
  4399 | D:5      | Noticed an orc warrior
  4415 | D:5      | Killed from afar by an orc priest

Illustrated notes

Levels and vault maps discovered:
D:1:      minmay_arrival_doors, layout_basic
D:2:      layout_basic, general_overflow_altar
D:3:      layout_rooms, lemuel_coloured_pillars_altar,
          makhleb_blood_cavern_becter
D:4:      layout_cave_pools, kennysheep_little_box
D:5:      kennysheep_kobold_camp, layout_rooms, serial_shops,
          nicolae_shop_behind_doors, shop, kennysheep_mini_moat, shop

Skill      XL: |  1  2  3  4  5  6 |
---------------+-------------------+-----
Earth Magic    | 4 5 6 |  6.0
Conjurations   | 1 2 |  2.3
Spellcasting   | 3 |  3.1
Dodging        | |  2.0
Stealth        | |  2.6
Transmutations | |  1.0

Action                   |  1- 3 |  4- 6 || total
-------------------------+-------+-------++-------
Melee: Unarmed           |    19 |       ||    19
       Constrict         |    12 |    33 ||    45
       Tentacles         |     6 |    18 ||    24
       Short sword       |    32 |   113 ||   145
 Cast: Sandblast         |     2 |     8 ||    10
       Stone Arrow       |       |     3 ||     3
  Use: Potion            |       |     2 ||     2
 Stab: Sleeping          |    11 |    23 ||    34
Armor: Skin              |     8 |     4 ||    12
Dodge: Dodged            |    32 |    82 ||   114
